[Event "42nd Olympiad Baku 2016 Women"]
[Site "Baku"]
[Date "2016.09.03"]
[Round "2.28"]
[White "Hauksdottir, Hrund"]
[Black "Di Benedetto, Desiree"]
[Result "0-1"]
[ECO "C01"]
[WhiteElo "1793"]
[BlackElo "2183"]
[Annotator ""]
[PlyCount "82"]
[EventDate "2016.??.??"]
[EventCountry "AZE"]
[SourceTitle "playchess.com"]
[Source "ChessBase"]
[WhiteTeam "Iceland"]
[BlackTeam "Italy"]
[WhiteTeamCountry "ISL"]
[BlackTeamCountry "ITA"]
[TimeControl "40/5400+30:1800+30"]

1. e4 {(00:00)} e6 {(00:00)} 2. d4 {(00:00)} d5 {(
00:13)} 3. exd5 {(00:00)} exd5 {(00:01)} 4. Nf3 {(00:21)}
Nc6 {(01:05)} 5. Bb5 {(00:33)} Bd6 {(02:53)} 6. c4 {
(00:43)} dxc4 {(05:04)} 7. d5 {(00:12)} a6 {(01:04]
} 8. Ba4 {(00:21)} b5 {(00:19)} 9. dxc6 {(00:25)} bxa4 {
(00:14)} 10. O-O {(00:56)} Qf6 {(24:58)} 11. Qxa4 {
(09:18)} Be6 {(06:24)} 12. Nc3 {(14:59)} Qf5 {(15:
55)} 13. Re1 {(10:06)} Ne7 {(06:37)} 14. Bg5 {(17:45)} Ng6
{(08:09)} 15. Rad1 {(14:37)} O-O {(02:00)} 16. Bh4 {
(04:20)} Nxh4 {(11:05)} 17. Nxh4 {(00:12)} Qh5 {(
01:03)} 18. g3 {(01:57)} Rab8 {(02:02)} 19. Ne4 {(07:43)}
Be7 {(04:01)} 20. Ng2 {(01:45)} Rxb2 {(01:42)} 21. Nf4 {
(01:13)} Qb5 {(00:43)} 22. Qxb5 {(02:52)} axb5 {(
00:05)} 23. Nxe6 {(00:18)} fxe6 {(00:00)} 24. Rd7 {(01:35]
} Bb4 {(00:50)} 25. Red1 {(00:18)} c3 {(00:44)} 26. Nxc3 {
(02:22)} Bxc3 {(00:01)} 27. Rxc7 {(00:27)} Rbxf2 {(
02:58)} 28. Rb7 {(01:20)} Rxa2 {(01:34)} 29. c7 {(03:17)}
Raa8 {(00:07)} 30. Rxb5 {(01:18)} Rac8 {(00:25)} 31. Rd7 {
(00:46)} Bf6 {(00:29)} 32. Kg2 {(02:19)} h6 {(00:
30)} 33. Rb6 {(00:20)} Rfe8 {(00:28)} 34. Rb7 {(00:38)}
Kh7 {(00:16)} 35. Rd2 {(00:51)} Re7 {(00:28)} 36. Re2 {
(00:51)} e5 {(00:25)} 37. Rc2 {(00:09)} e4 {(00:11]
} 38. Kf2 {(00:39)} Be5 {(00:40)} 39. Rc4 {(00:50)} Rcxc7
{(00:21)} 40. Rbxc7 Bxc7 {(00:00)} 41. Ke2 {(02:40)} e3
0-1

[Event "42nd Olympiad Baku 2016 Women"]
[Site "Baku"]
[Date "2016.09.03"]
[Round "2.18"]
[White "Heinatz, Gundula"]
[Black "Agrest, Inna"]
[Result "1/2-1/2"]
[ECO "A48"]
[WhiteElo "2205"]
[BlackElo "2222"]
[Annotator ""]
[PlyCount "60"]
[EventDate "2016.??.??"]
[EventCountry "AZE"]
[SourceTitle "playchess.com"]
[Source "ChessBase"]
[WhiteTeam "Switzerland"]
[BlackTeam "Sweden"]
[WhiteTeamCountry "SUI"]
[BlackTeamCountry "SWE"]
[TimeControl "40/5400+30:1800+30"]

1. d4 {(00:00)} Nf6 {(00:00)} 2. Nf3 {(00:00)} g6 {
(00:00)} 3. Bg5 {(00:00)} Bg7 {(00:06)} 4. c3 {(00:
20)} d6 {(01:49)} 5. Nbd2 {(02:58)} h6 {(01:21)} 6. Bxf6 {
(01:54)} Bxf6 {(03:18)} 7. e4 {(00:33)} O-O {(04:
20)} 8. Be2 {(01:28)} c5 {(04:01)} 9. d5 {(00:35)} e6 {
(04:55)} 10. dxe6 {(03:43)} Bxe6 {(00:32)} 11. O-O {
(00:18)} Nc6 {(04:38)} 12. Nc4 {(06:40)} d5 {(02:
26)} 13. exd5 {(00:07)} Bxd5 {(01:35)} 14. Ne3 {(04:46)}
Be6 {(01:52)} 15. Bc4 {(02:24)} Bxc4 {(05:20)} 16. Nxc4 {
(00:06)} Qc7 {(02:18)} 17. Qd6 {(05:39)} Qxd6 {(02:
12)} 18. Nxd6 {(00:02)} b6 {(03:22)} 19. Rad1 {(09:18)}
Rad8 {(02:05)} 20. g3 {(11:44)} Bg7 {(06:52)} 21. a4 {
(06:17)} Rd7 {(04:53)} 22. Nc4 {(00:06)} Rfd8 {(00:
46)} 23. Rxd7 {(00:52)} Rxd7 {(00:02)} 24. Re1 {(00:12)}
Kf8 {(01:44)} 25. Kg2 {(02:32)} Rd8 {(05:02)} 26. h4 {
(05:56)} Re8 {(14:55)} 27. Rd1 {(00:29)} Rd8 {(01:
40)} 28. Re1 {(01:10)} Re8 {(00:41)} 29. Rd1 {(00:06)} Rd8
{(00:07)} 30. Re1 {(00:10)} Re8 {(00:38)} 1/2-1/2

[Event "42nd Olympiad Baku 2016 Women"]
[Site "Baku"]
[Date "2016.09.03"]
[Round "2.5"]
[White "Hoang, Thanh Trang"]
[Black "Sanchez Castillo, Sarai Carolina"]
[Result "1-0"]
[ECO "D20"]
[WhiteElo "2467"]
[BlackElo "2182"]
[Annotator ""]
[PlyCount "53"]
[EventDate "2016.??.??"]
[EventCountry "AZE"]
[SourceTitle "playchess.com"]
[Source "ChessBase"]
[WhiteTeam "Hungary"]
[BlackTeam "Venezuela"]
[WhiteTeamCountry "HUN"]
[BlackTeamCountry "VEN"]
[TimeControl "40/5400+30:1800+30"]

1. d4 {(00:00)} d5 {(00:00)} 2. c4 {(00:07)} dxc4 {
(00:41)} 3. e3 {(01:33)} Nf6 {(00:16)} 4. Bxc4 {(
00:42)} a6 {(01:52)} 5. Nf3 {(01:24)} e6 {(00:12)} 6. O-O
{(00:27)} b5 {(04:58)} 7. Be2 {(08:46)} Bb7 {(02:
13)} 8. b3 {(02:17)} Nbd7 {(03:21)} 9. a4 {(02:00)} b4 {
(01:32)} 10. Nbd2 {(02:09)} Nd5 {(12:13)} 11. Bb2 {
(02:08)} c5 {(08:27)} 12. Rc1 {(02:37)} Rc8 {(01:
17)} 13. Nc4 {(02:17)} N7f6 {(36:18)} 14. Nfe5 {(04:34)}
Be7 {(09:57)} 15. Bf3 {(04:14)} O-O {(00:38)} 16. Qe2 {
(01:19)} cxd4 {(06:26)} 17. Bxd4 {(01:41)} Bc5 {(
00:03)} 18. Bb2 {(05:52)} Nd7 {(05:28)} 19. Nxd7 {(06:37)}
Qxd7 {(00:01)} 20. Rfd1 {(00:45)} Qe7 {(00:38)} 21. Na5 {
(04:45)} Ba8 {(01:38)} 22. Rc2 {(16:00)} Rcd8 {(01:
32)} 23. Rdc1 {(02:15)} Bb6 {(01:06)} 24. Nc6 {(02:34)}
Bxc6 {(00:40)} 25. Rxc6 {(00:11)} Qa7 {(00:02)} 26. a5 {
(00:58)} Bxe3 {(01:00)} 27. fxe3 {(00:47)} 1-0

[Event "42nd Olympiad Baku 2016 Women"]
[Site "Baku"]
[Date "2016.09.03"]
[Round "2.22"]
[White "Hoang, Thi Bao Tram"]
[Black "Sultana, Sharmin Shirin"]
[Result "0-1"]
[ECO "D18"]
[WhiteElo "2325"]
[BlackElo "2002"]
[Annotator ""]
[PlyCount "106"]
[EventDate "2016.??.??"]
[EventCountry "AZE"]
[SourceTitle "playchess.com"]
[Source "ChessBase"]
[WhiteTeam "Vietnam"]
[BlackTeam "Bangladesh"]
[WhiteTeamCountry "VIE"]
[BlackTeamCountry "BAN"]
[TimeControl "40/5400+30:1800+30"]

1. d4 {(00:00)} d5 {(00:00)} 2. c4 {(00:36)} c6 {(
00:00)} 3. Nc3 {(01:05)} Nf6 {(00:00)} 4. Nf3 {(00:53)}
dxc4 {(00:11)} 5. a4 {(00:27)} Bf5 {(00:19)} 6. e3 {
(00:29)} e6 {(00:17)} 7. Bxc4 {(00:13)} Bb4 {(00:
23)} 8. O-O {(00:31)} O-O {(00:24)} 9. h3 {(04:17)} Nbd7 {
(06:41)} 10. Nh4 {(02:17)} Bg6 {(25:23)} 11. Nxg6 {
(00:41)} hxg6 {(00:03)} 12. Qd3 {(01:09)} Qe7 {(17:
32)} 13. Na2 {(04:57)} Ba5 {(11:15)} 14. b4 {(05:14)} Bc7
{(00:20)} 15. f4 {(04:24)} Rfd8 {(06:54)} 16. Qb3 {
(04:27)} Ne4 {(07:41)} 17. Bd3 {(04:20)} Ng3 {(02:
06)} 18. Rf3 {(04:27)} Qh4 {(01:14)} 19. Nc3 {(15:11)} Nf6
{(01:32)} 20. Bd2 {(18:28)} g5 {(01:46)} 21. fxg5 {
(02:27)} Qxg5 {(00:11)} 22. Be1 {(00:31)} Nf5 {(04:
01)} 23. Ne4 {(03:39)} Nxe4 {(00:19)} 24. Bxe4 {(00:09)}
Nh4 {(02:30)} 25. Bxh4 {(02:13)} Qxh4 {(00:02)} 26. Bc2 {
(00:21)} Qh5 {(10:39)} 27. Raf1 {(01:28)} Rf8 {(01:
06)} 28. Qd3 {(01:17)} Rad8 {(00:34)} 29. Qe4 {(00:37)} g6
{(00:28)} 30. Bb3 {(02:13)} Rde8 {(00:32)} 31. Bxe6 {
(02:19)} Rxe6 {(00:30)} 32. Qxe6 {(00:15)} Qxf3 {(
00:16)} 33. Qxg6+ {(03:00)} fxg6 {(00:02)} 34. gxf3 {(00:
07)} Bd6 {(00:45)} 35. b5 {(00:38)} cxb5 {(00:22)} 36.
axb5 {(00:07)} Rf5 {(00:50)} 37. f4 {(00:34)} Rxb5 {
(00:34)} 38. Kf2 {(00:09)} a5 {(00:32)} 39. Ra1 {(
00:21)} g5 {(00:31)} 40. Kf3 {(00:00)} gxf4 {(00:00)} 41.
e4 {(06:03)} Rb3+ {(07:59)} 42. Kg4 {(00:28)} Rg3+ {
(01:38)} 43. Kf5 {(00:53)} f3 {(01:05)} 44. e5 {(
12:22)} Bb4 {(01:37)} 45. Rf1 {(02:01)} Rxh3 {(02:31)} 46.
Kg4 {(06:41)} Rh7 {(07:26)} 47. e6 {(01:35)} Kf8 {(
00:44)} 48. Rxf3+ {(00:49)} Ke7 {(00:02)} 49. d5 {(00:22)}
Kd6 {(01:02)} 50. Rd3 {(00:26)} Ke5 {(00:36)} 51. Kg5 {
(04:15)} Rg7+ {(03:39)} 52. Kh6 {(00:19)} Rg4 {(01:
21)} 53. Rd1 {(02:38)} Rc4 0-1

[Event "42nd Olympiad Baku 2016 Women"]
[Site "Baku"]
[Date "2016.09.03"]
[Round "2.15"]
[White "Hojjatova, Aydan"]
[Black "Fuentes Godoy, Lilia Ivonne"]
[Result "1-0"]
[ECO "B30"]
[WhiteElo "2339"]
[BlackElo "2142"]
[Annotator ""]
[PlyCount "75"]
[EventDate "2016.??.??"]
[EventCountry "AZE"]
[SourceTitle "playchess.com"]
[Source "ChessBase"]
[WhiteTeam "Azerbaijan"]
[BlackTeam "Mexico"]
[WhiteTeamCountry "AZE"]
[BlackTeamCountry "MEX"]
[TimeControl "40/5400+30:1800+30"]

1. e4 {(00:00)} c5 {(00:00)} 2. Nf3 {(00:00)} Nc6 {
(00:14)} 3. Bb5 {(00:00)} e6 {(00:25)} 4. O-O {(00:
20)} Nge7 {(00:26)} 5. Re1 {(00:47)} Nd4 {(05:21)} 6. Bf1
{(09:40)} Nec6 {(14:02)} 7. d3 {(14:41)} Be7 {(17:
08)} 8. Nfd2 {(03:20)} e5 9. Nc4 {(03:00)} d6 {(11:58)}
10. Nc3 {(02:15)} O-O {(12:16)} 11. Nd5 {(00:46)} f5 {
(06:10)} 12. c3 {(07:40)} Ne6 13. exf5 {(00:51)} Rxf5 {
(08:04)} 14. Be2 b5 15. Nce3 {(02:46)} Rf7 {(06:40)} 16.
Bh5 {(07:48)} Rf8 {(02:49)} 17. Bf3 Rb8 18. a4 {(09:15)}
b4 {(02:21)} 19. Nc4 {(01:04)} Bd7 {(04:11)} 20. Be4 {
(04:08)} bxc3 {(02:06)} 21. bxc3 {(01:24)} Qe8 {(
01:42)} 22. Re3 {(14:09)} Ng5 {(02:22)} 23. Nxe7+ {(02:04]
} Qxe7 {(00:02)} 24. Bd5+ {(00:12)} Kh8 {(01:23)} 25. Rg3
{(01:00)} Ne6 {(01:16)} 26. Be4 {(11:40)} Be8 {(00:
58)} 27. Ne3 {(01:30)} Qf6 {(00:56)} 28. Rf3 {(00:48)} Qe7
{(00:37)} 29. Nd5 {(01:38)} Qd7 {(00:27)} 30. Rh3 {
(01:27)} g6 {(00:06)} 31. Bh6 {(00:16)} Ng7 {(00:
11)} 32. Rf3 {(00:47)} Rxf3 {(01:07)} 33. Qxf3 {(00:07)}
Qf7 {(00:24)} 34. Nf6 {(00:56)} Ne7 {(00:07)} 35. Nxe8 {
(00:27)} Qxe8 {(01:08)} 36. Qf6 {(00:06)} Qf8 {(00:
30)} 37. Qxd6 {(00:32)} Rb2 {(00:32)} 38. Qxc5 {(00:42)}
1-0

[Event "42nd Olympiad Baku 2016 Women"]
[Site "Baku"]
[Date "2016.09.03"]
[Round "2.26"]
[White "Hoshino, Karen"]
[Black "Puuska, Heini"]
[Result "1-0"]
[ECO "E32"]
[WhiteElo "1802"]
[BlackElo "1926"]
[Annotator ""]
[PlyCount "96"]
[EventDate "2016.??.??"]
[EventCountry "AZE"]
[SourceTitle "playchess.com"]
[Source "ChessBase"]
[WhiteTeam "Japan"]
[BlackTeam "Finland"]
[WhiteTeamCountry "JPN"]
[BlackTeamCountry "FIN"]
[TimeControl "40/5400+30:1800+30"]

1. d4 {(00:00)} Nf6 {(00:00)} 2. c4 {(00:00)} e6 {(
00:07)} 3. Nc3 {(00:00)} Bb4 {(00:53)} 4. Qc2 {(00:00)}
O-O {(01:15)} 5. a3 {(00:15)} Bxc3+ {(00:31)} 6. Qxc3 {
(00:08)} b6 {(01:37)} 7. Bg5 {(02:03)} Bb7 {(02:48]
} 8. f3 {(03:37)} d5 {(01:12)} 9. e3 {(01:07)} Nbd7 {
(01:03)} 10. Bd3 {(03:35)} c5 {(04:59)} 11. Ne2 {(
03:38)} cxd4 {(04:04)} 12. exd4 {(02:14)} dxc4 {(05:44)}
13. Bxc4 {(03:47)} Rc8 {(04:25)} 14. Qd3 {(04:26)} e5 {
(09:04)} 15. O-O {(07:46)} exd4 {(07:11)} 16. Qxd4 {
(01:58)} Rc5 {(07:47)} 17. Bh4 {(08:08)} Qc8 {(02:
24)} 18. Rac1 {(09:24)} Ba6 {(20:50)} 19. Bd3 {(11:12)}
Bxd3 {(02:52)} 20. Qxd3 {(00:10)} Re8 {(04:47)} 21. b4 {
(06:03)} Ne5 {(06:55)} 22. Qb3 {(02:30)} Rxc1 {(01:
39)} 23. Rxc1 {(00:20)} Qf5 {(04:37)} 24. Bxf6 {(06:00)}
Qxf6 {(01:22)} 25. Ng3 {(01:36)} Ng6 {(02:55)} 26. Rd1 {
(02:46)} Nf4 {(00:54)} 27. Qc2 {(04:45)} h5 {(00:
54)} 28. Ne4 {(03:14)} Qf5 {(00:35)} 29. Qc7 {(02:48)} Re6
{(00:27)} 30. Qd8+ {(03:17)} Kh7 {(00:09)} 31. Ng5+ {
(00:23)} Kh6 {(00:56)} 32. Nxe6 {(00:07)} fxe6 {(
00:31)} 33. Qd2 {(01:11)} g5 {(00:29)} 34. g3 {(02:50)}
Nd5 {(00:12)} 35. Kg2 {(01:28)} h4 {(00:32)} 36. Qd3 {
(00:47)} Qe5 {(00:48)} 37. Rd2 {(01:42)} Ne3+ {(00:
24)} 38. Kf2 {(01:13)} Nf5 {(00:18)} 39. Qe4 {(01:47)}
hxg3+ {(00:30)} 40. hxg3 {(00:00)} Qxg3+ {(00:00)} 41. Ke2
{(05:28)} Qg2+ {(11:44)} 42. Kd3 {(02:47)} Qf1+ {(
02:27)} 43. Kc2 {(00:38)} Qb5 {(13:55)} 44. Qxe6+ {(01:40]
} Kh5 {(00:45)} 45. Kb3 {(08:47)} a5 {(04:17)} 46. Rd5 {
(01:38)} a4+ {(00:05)} 47. Kc3 {(02:17)} Qf1 {(00:
54)} 48. Qxf5 {(00:28)} Qc1+ {(01:13)} 1-0

[Event "42nd Olympiad Baku 2016 Women"]
[Site "Baku"]
[Date "2016.09.03"]
[Round "2.5"]
[White "Houska, Jovanka"]
[Black "Peng, Zhaoqin"]
[Result "1-0"]
[ECO "D25"]
[WhiteElo "2386"]
[BlackElo "2368"]
[Annotator ""]
[PlyCount "103"]
[EventDate "2016.??.??"]
[EventCountry "AZE"]
[SourceTitle "playchess.com"]
[Source "ChessBase"]
[WhiteTeam "England"]
[BlackTeam "Netherlands"]
[WhiteTeamCountry "ENG"]
[BlackTeamCountry "NED"]
[TimeControl "40/5400+30:1800+30"]

1. Nf3 {(00:00)} d5 {(00:00)} 2. d4 {(00:00)} Nf6 {
(00:24)} 3. c4 {(00:08)} dxc4 {(00:12)} 4. e3 {(00:
04)} Bg4 {(00:11)} 5. Bxc4 {(00:16)} e6 {(00:05)} 6. h3 {
(00:15)} Bh5 {(00:07)} 7. Nc3 {(00:04)} Nbd7 {(01:
02)} 8. O-O {(00:27)} Bb4 {(00:23)} 9. Bd2 {(00:45)} a6 {
(08:34)} 10. a3 {(05:45)} Bd6 {(07:45)} 11. e4 {(
10:08)} e5 {(00:42)} 12. Be3 {(10:24)} O-O {(14:07)} 13.
Be2 {(09:28)} Bxf3 {(15:23)} 14. Bxf3 {(00:11)} exd4 {
(02:22)} 15. Bxd4 {(00:21)} Ne5 {(02:18)} 16. Be2 {
(04:15)} Nc6 {(02:10)} 17. Be3 {(01:23)} Be5 {(03:
39)} 18. Rc1 {(10:28)} Bxc3 {(13:43)} 19. Rxc3 {(00:44)}
Nxe4 {(00:27)} 20. Rc1 {(02:15)} Re8 {(11:26)} 21. Qxd8 {
(22:26)} Rexd8 {(00:13)} 22. Rfe1 {(07:58)} Nd2 {(
06:32)} 23. Rc2 {(00:58)} Ne4 {(02:52)} 24. Bf3 {(02:05)}
f5 {(00:09)} 25. Bf4 {(01:15)} Nd4 {(00:55)} 26. Bxe4 {
(03:24)} fxe4 {(00:10)} 27. Rc3 {(01:48)} Nb5 {(02:
23)} 28. Rcc1 {(00:16)} c6 {(00:24)} 29. Rxe4 {(00:15)}
Rd4 {(00:59)} 30. Rce1 {(00:09)} Rf8 {(01:27)} 31. g3 {
(01:00)} Rxe4 {(01:34)} 32. Rxe4 {(00:04)} Kf7 {(
00:46)} 33. a4 {(01:15)} Na7 {(00:09)} 34. Bd6 {(03:14)}
Re8 {(00:13)} 35. Rf4+ {(00:22)} Ke6 {(01:23)} 36. Bc5 {
(00:01)} Nc8 {(00:14)} 37. Re4+ {(00:50)} Kf7 {(00:
38)} 38. Rxe8 {(01:58)} Kxe8 {(00:02)} 39. a5 {(00:04)}
Kd7 {(00:27)} 40. f4 {(00:00)} Nd6 {(00:00)} 41. Bxd6 {
(09:21)} Kxd6 {(02:33)} 42. Kf2 {(01:01)} b5 {(18:
12)} 43. axb6 {(00:26)} c5 {(00:08)} 44. Ke3 {(10:11)} Kc6
{(00:16)} 45. Ke4 {(07:24)} Kxb6 {(05:59)} 46. Kd5 {
(06:02)} Kb5 {(02:06)} 47. f5 {(00:09)} c4 {(06:28]
} 48. g4 {(00:37)} h6 {(01:06)} 49. h4 {(00:02)} a5 {
(00:37)} 50. g5 {(00:03)} c3 {(00:32)} 51. bxc3 {(
00:08)} a4 {(00:27)} 52. f6 {(00:23)} 1-0

[Event "42nd Olympiad Baku 2016 Women"]
[Site "Baku"]
[Date "2016.09.03"]
[Round "2.3"]
[White "Jacimovic, Sara"]
[Black "Kulon, Klaudia"]
[Result "0-1"]
[ECO "E61"]
[WhiteElo "1992"]
[BlackElo "2346"]
[Annotator ""]
[PlyCount "130"]
[EventDate "2016.??.??"]
[EventCountry "AZE"]
[SourceTitle "playchess.com"]
[Source "ChessBase"]
[WhiteTeam "Bosnia  Herzegovina"]
[BlackTeam "Poland"]
[WhiteTeamCountry "BIH"]
[BlackTeamCountry "POL"]
[TimeControl "40/5400+30:1800+30"]

1. d4 {(00:00)} Nf6 {(00:00)} 2. c4 {(00:00)} g6 {(
00:00)} 3. Nc3 {(00:00)} Bg7 {(00:00)} 4. Nf3 {(00:48)}
O-O {(00:00)} 5. e4 {(01:50)} d6 {(00:01)} 6. g3 {(
01:09)} e5 {(02:25)} 7. dxe5 {(06:57)} dxe5 {(00:19)} 8.
Qxd8 {(06:42)} Rxd8 {(00:05)} 9. Bg5 {(02:31)} c6 {
(01:18)} 10. Be2 {(14:05)} h6 {(07:29)} 11. Be3 {(
05:06)} Na6 {(10:14)} 12. Nxe5 {(10:50)} Nxe4 {(02:31)}
13. Nxe4 {(00:31)} Bxe5 {(00:07)} 14. Bxh6 {(03:57)} Bh3 {
(06:32)} 15. Nc3 {(04:55)} Nb4 {(03:08)} 16. Rc1 {(
03:24)} Bxc3+ {(07:45)} 17. Rxc3 {(06:56)} Nxa2 {(07:11)}
18. Rb3 {(02:01)} c5 {(00:39)} 19. g4 {(02:28)} Bg2 {
(00:18)} 20. Rg1 {(00:07)} Bc6 {(00:13)} 21. h4 {(
01:49)} Nb4 {(02:44)} 22. Rc3 {(01:05)} Be4 {(04:20)} 23.
f3 {(02:07)} Bd3 {(01:09)} 24. Rg2 {(01:58)} Rd4 {(
07:17)} 25. Be3 {(03:16)} Nc2+ {(03:39)} 26. Rxc2 {(01:02]
} Bxc2 {(00:01)} 27. Bxd4 {(00:27)} cxd4 {(00:02)} 28. Bd1
{(00:32)} Bd3 {(01:16)} 29. Rd2 {(01:57)} Bxc4 {(
00:20)} 30. Rxd4 {(00:08)} Be6 {(00:04)} 31. Kd2 {(01:16)}
Kf8 {(00:26)} 32. Ke3 {(01:00)} Ke7 {(00:07)} 33. Kf4 {
(00:47)} Kf6 {(01:59)} 34. Bc2 {(02:28)} Rh8 {(02:
13)} 35. Ra4 {(01:32)} Rxh4 {(04:14)} 36. Rxa7 {(00:08)}
Rh2 {(00:15)} 37. Be4 {(07:03)} b5 {(01:45)} 38. b4 {
(01:24)} Rb2 {(01:05)} 39. Rb7 {(00:54)} Rxb4 {(00:
30)} 40. g5+ {(00:00)} Kg7 {(00:00)} 41. Ke5 {(02:21)} Rb2
{(00:08)} 42. Bd3 {(01:59)} b4 {(00:18)} 43. Kd4 {(
01:05)} b3 {(03:59)} 44. Kc3 {(01:35)} Rg2 {(00:27)} 45.
Rb5 {(00:44)} Kf8 {(00:11)} 46. Rc5 {(01:19)} Ke7 {
(00:33)} 47. Kd4 {(05:20)} Kd6 {(02:28)} 48. Rb5 {(
00:35)} Kc6 {(00:56)} 49. Rc5+ {(02:00)} Kd6 {(00:02)} 50.
Rb5 {(00:08)} Kd7 {(04:07)} 51. Be4 {(02:09)} Rd2+ {
(02:10)} 52. Ke5 {(01:17)} Ra2 {(05:43)} 53. Rb7+ {
(00:55)} Kc8 {(00:04)} 54. Rb6 {(00:31)} Re2 {(06:
08)} 55. Kd6 {(02:27)} b2 {(01:32)} 56. Bb7+ {(05:14)} Kb8
{(03:03)} 57. Rb4 {(01:55)} Rd2+ {(00:33)} 58. Ke5 {
(01:59)} Kc7 {(00:28)} 59. Be4 {(00:27)} Re2 {(00:
22)} 60. Rb7+ {(01:31)} Kc8 {(00:01)} 61. Rb4 {(00:50)}
Ba2 {(00:23)} 62. Kf6 {(02:52)} Rxe4 {(00:09)} 63. fxe4 {
(00:25)} b1=Q {(00:07)} 64. Rxb1 {(01:00)} Bxb1 {(
00:02)} 65. Kxf7 {(00:58)} Bxe4 {(00:04)} 0-1

[Event "42nd Olympiad Baku 2016 Women"]
[Site "Baku"]
[Date "2016.09.03"]
[Round "2.8"]
[White "Jacobs, Annelaine"]
[Black "Klotz, Jutta"]
[Result "1-0"]
[ECO "C01"]
[WhiteElo "1679"]
[BlackElo "1490"]
[Annotator ""]
[PlyCount "59"]
[EventDate "2016.??.??"]
[EventCountry "AZE"]
[SourceTitle "playchess.com"]
[Source "ChessBase"]
[WhiteTeam "ARU"]
[BlackTeam "Malta"]
[BlackTeamCountry "MLT"]
[TimeControl "40/5400+30:1800+30"]

1. e4 {(00:00)} e6 {(00:00)} 2. d4 {(00:00)} d5 {(
00:00)} 3. exd5 {(00:00)} exd5 {(00:01)} 4. Bd3 {(00:01)}
Nf6 {(00:19)} 5. Nf3 {(00:52)} Be7 {(00:32)} 6. h3 {
(00:41)} O-O {(00:23)} 7. O-O {(00:06)} Be6 {(01:
51)} 8. Nc3 {(04:03)} a6 {(03:50)} 9. Bf4 {(06:45)} c5 {
(05:54)} 10. dxc5 {(05:37)} Bxc5 {(00:12)} 11. a3 {
(09:37)} Nc6 {(02:03)} 12. b4 {(01:19)} Bd6 {(15:
19)} 13. Bxd6 {(04:14)} Qxd6 {(00:32)} 14. Re1 {(11:38)}
b5 {(02:43)} 15. Ne2 {(03:39)} Rad8 {(05:32)} 16. Ned4 {
(02:18)} Nxd4 {(00:47)} 17. Nxd4 {(00:05)} Bc8 {(
04:15)} 18. Qf3 {(05:05)} Qb6 {(10:07)} 19. Nb3 {(05:09)}
Bb7 {(07:35)} 20. Nc5 {(09:16)} Rfe8 {(07:00)} 21. Rad1 {
(14:49)} Bc6 {(02:25)} 22. Qf5 {(01:57)} Bb7 {(02:
35)} 23. Rxe8+ {(03:31)} Rxe8 {(03:13)} 24. Nd7 {(00:15)}
Qc6 {(21:01)} 25. Nxf6+ {(01:03)} Qxf6 {(01:54)} 26. Qxh7+
{(00:11)} Kf8 {(00:27)} 27. Qh8+ {(00:09)} Ke7 {(
00:38)} 28. Re1+ {(00:06)} Qe6 {(01:08)} 29. Rxe6+ {(00:
18)} fxe6 {(00:11)} 30. Qxg7+ {(00:05)} 1-0

[Event "42nd Olympiad Baku 2016 Women"]
[Site "Baku"]
[Date "2016.09.03"]
[Round "2.28"]
[White "Johnson, Gabriella"]
[Black "Kim, Yubin"]
[Result "1-0"]
[ECO "B13"]
[WhiteElo "1794"]
[BlackElo "1660"]
[Annotator ""]
[PlyCount "99"]
[EventDate "2016.??.??"]
[EventCountry "AZE"]
[SourceTitle "playchess.com"]
[Source "ChessBase"]
[WhiteTeam "TTO"]
[BlackTeam "Korea"]
[BlackTeamCountry "KOR"]
[TimeControl "40/5400+30:1800+30"]

1. e4 {(00:00)} c6 {(00:00)} 2. d4 {(00:00)} d5 {(
00:00)} 3. exd5 {(00:00)} cxd5 {(00:01)} 4. c4 {(00:00)}
e6 {(00:46)} 5. Nf3 {(00:40)} Nf6 {(01:11)} 6. Nc3 {
(01:05)} Nc6 {(02:16)} 7. Be3 {(04:18)} Be7 {(03:
50)} 8. Be2 {(03:01)} O-O {(09:33)} 9. O-O {(01:15)} b6 {
(04:58)} 10. Ne5 {(11:50)} Bb7 {(09:35)} 11. Rc1 {(
06:55)} Rc8 {(04:15)} 12. cxd5 {(11:57)} Nxe5 {(09:51)}
13. dxe5 {(05:49)} Nxd5 {(00:39)} 14. Nxd5 {(04:13)} Qxd5
{(14:26)} 15. Qxd5 {(03:14)} Bxd5 {(10:02)} 16. a3 {
(00:42)} Rfd8 {(15:14)} 17. Ba6 {(01:51)} Rxc1 {(
01:33)} 18. Rxc1 {(00:25)} Bb3 {(05:58)} 19. Be2 {(02:18)}
Rd7 {(02:36)} 20. Rc8+ {(01:17)} Bf8 {(00:49)} 21. h3 {
(05:12)} Bd1 {(01:33)} 22. Bc4 {(05:31)} h6 {(01:
05)} 23. f4 {(02:33)} Re7 {(00:39)} 24. Bd2 {(01:40)} a5 {
(00:21)} 25. Be3 {(01:17)} f5 {(00:36)} 26. exf6 {(
00:44)} gxf6 {(00:07)} 27. Bxb6 {(00:17)} Kf7 {(00:34)}
28. Bxa5 {(01:53)} Re8 {(00:46)} 29. Rxe8 {(01:19)} Kxe8 {
(00:04)} 30. Bxe6 {(00:15)} Bc5+ {(00:03)} 31. Kh2 {
(00:33)} Ke7 {(00:14)} 32. Bc4 {(00:38)} Kd7 {(00:
58)} 33. Bc3 {(01:08)} f5 {(00:11)} 34. b4 {(01:54)} Be3 {
(00:13)} 35. Kg3 {(01:11)} Bc1 {(00:11)} 36. Bb5+ {
(00:21)} Kd6 {(00:51)} 37. a4 {(00:32)} Be3 {(00:
33)} 38. a5 {(01:21)} Kd5 {(00:10)} 39. Bd3 {(00:25)} Bb3
{(00:35)} 40. Kf3 {(00:00)} Ba7 {(00:00)} 41. b5 {(
03:52)} Kc5 {(01:28)} 42. b6 {(00:49)} Bb8 {(00:16)} 43.
Bxf5 {(00:41)} h5 {(00:58)} 44. Be5 {(03:59)} Bd6 {
(01:17)} 45. Bxd6+ {(00:32)} Kxd6 {(00:03)} 46. a6 {
(00:48)} Kc6 {(00:32)} 47. a7 {(01:32)} Bd5+ {(00:
21)} 48. Be4 {(00:15)} Kxb6 {(00:06)} 49. Bxd5 {(00:09)}
Kxa7 {(00:03)} 50. f5 {(00:10)} 1-0